 Dungeon Crawl Stone Soup version 0.29.1-1-gd02db6906a (webtiles) character file.

Game seed: 15167549568470224466

85 H0rd4k the Insei (level 4, 0/28 HPs)
             Began as an Octopode Transmuter on Oct 21, 2022.
             Succumbed to a goblin's poison
             ... on level 2 of the Dungeon.
             The game lasted 00:01:06 (2410 turns).

H0rd4k the Insei (Octopode Transmuter)              Turns: 2410, Time: 00:01:06

Health: 0/28       AC:  1    Str:  9    XL:     4   Next: 48%
Magic:  7/7        EV: 13    Int: 17    God:
Gold:   93         SH:  0    Dex: 12    Spells: 6/7 levels left

rFire   . . .      SeeInvis .     - Unarmed
rCold   . . .      Faith    .   (no shield)
rNeg    . . .      Spirit   .   (helmet currently unavailable)
rPois   .          Reflect  .   (no amulet)
rElec   .          Harm     .   (no ring)
rCorr   .          Rampage  .   (no ring)
Will    .....                   (no ring)
Stlth   ++........              (no ring)
HPRegen 0.09/turn               (no ring)
MPRegen 0.10/turn               (no ring)
                                (no ring)
                                (no ring)

@: lethally poisoned (0 -> -14), appendages
A: tentacle spike 3, almost no armour, amphibious, 8 rings, camouflage 1,
gelatinous body 1, (nimble swimmer 1), tentacles
a: End Transformation


You were on level 2 of the Dungeon.
One of your tentacles had grown a beastly spike.
You visited 1 branch of the dungeon, and saw 2 of its levels.

You collected 93 gold pieces.

Inventory:

Jewellery
 j - a ring of fire
 l - a ring of protection from fire
Scrolls
 b - 2 scrolls of silence {unknown}
 c - a scroll of enchant weapon {unknown}
 e - a scroll of noise {unknown}
 f - a scroll of butterflies {unknown}
 g - a scroll of fear {unknown}
 h - 2 scrolls of identify {unknown}
 k - 2 scrolls of vulnerability {unknown}
Potions
 a - a potion of lignification
 d - a potion of curing {unknown}
 i - a potion of magic {unknown}
 m - a potion of mutation {unknown}
 n - 2 potions of resistance {unknown}


   Skills:
 + Level 1.1 Fighting
 + Level 2.8 Dodging
 + Level 4.3 Unarmed Combat
 + Level 2.2 Spellcasting
 + Level 2.2 Transmutations


You had 6 spell levels left.
You knew the following spells:

 Your Spells              Type           Power      Damage    Failure   Level
a - Beastly Appendage     Tmut           18%        N/A       8%          1

Your spell library contained the following spells:

 Spells                   Type           Power      Damage    Failure   Level
 Wereblood                Tmut           9%         N/A       12%         2
 Spider Form              Tmut/Pois      5%         N/A       34%         3
 Ice Form                 Ice/Tmut       5%         N/A       75%         4


Dungeon Overview and Level Annotations

Branches:
Dungeon (2/15)

Altars:

Shops:
D:2 *


Innate Abilities, Weirdness & Mutations

One of your tentacles has grown a beastly spike.
You cannot wear most types of armour.
You are amphibious.
You can wear up to eight rings at the same time.
Your skin changes colour to match your surroundings (Stealth+).
Your rubbery body absorbs attacks. (AC +1, EV +1)
((You are camouflaged when in or above water. (Stealth+)))
You have tentacles for arms and can constrict up to eight enemies at once.


Message History

You kill the goblin!
You closely miss the goblin. Your grab misses the goblin.
You pierce the goblin, but do no damage.
Your squeeze misses the goblin. The goblin barely misses you.
You tentacle-slap the goblin but do no damage.
You grab the goblin. You constrict the goblin.
Robin roars a battlecry!
The goblins go into a battle-frenzy!
The goblin hits you with a +0 club.
You tentacle-slap the goblin.
You kill the goblin!
Robin throws the goblin at you! The goblin hits you but does no damage.
You tentacle-slap the goblin but do no damage.
You grab the goblin.
You squeeze the goblin, but do no damage.
You constrict the goblin.
Robin roars a battlecry!
The goblin hits you with a +0 dagger. The goblin hits you but does no damage.
You tentacle-slap the goblin.
You kill the goblin!
The goblin closely misses you.
You tentacle-slap Robin but do no damage.
You grab Robin.
You pierce Robin.
You squeeze Robin!
Robin is heavily wounded.
You constrict Robin, but do no damage. Robin closely misses you.
The goblin misses you.
You tentacle-slap Robin.
You pierce Robin.
You kill Robin!
The goblin misses you. The goblin attacks as you move away!
The goblin hits you with a +0 dagger.
* * * LOW HITPOINT WARNING * * *
A goblin comes into view. It is wielding a +3 dagger.
The goblin shouts!
Items here: !! )))) [[ †.
The goblin hits you with a +2 dagger of venom.
* * * LOW HITPOINT WARNING * * *
You are lethally poisoned!
You closely miss the goblin. You grab the goblin.
Your tentacle spike misses the goblin.
You constrict the goblin.
You die...

#.##.###.# #........#
# ####.##### ##. ##'##
#.# #####...#### #.#
............# #.##
#.........#.# #g.###.#
###.###.###.####g....#
..P .... #.'..g@....#
#P# #.#.# #.####...#.#
#. ....P. #.# #..##
#P# #P# #.# #.... ..
.. #.# #####. #.# #
#.# #..


You could see 3 goblins.

Vanquished Creatures
  Robin (D:2)
  3 adders (D:2)
  2 ball pythons
  3 bats
  3 endoplasms (D:1)
  2 giant cockroaches (D:1)
  11 goblins
  A hobgoblin (D:2)
  6 jackals
  A quokka (D:1)
  2 frilled lizards (D:1)
  3 kobolds (D:1)
  3 rats
41 creatures vanquished.

Vanquished Creatures (others)
  A fungus (D:2)
  4 plants (D:2)
5 creatures vanquished.

Grand Total: 46 creatures vanquished

Notes
Turn   | Place    | Note
-------+----------+-------------------------------------------
     0 | D:1      | H0rd4k the Octopode Transmuter began the quest for the Orb.
     0 | D:1      | Reached XP level 1. HP: 13/13 MP: 3/3
   265 | D:1      | Reached XP level 2. HP: 14/18 MP: 5/5
   788 | D:1      | Reached XP level 3. HP: 21/23 MP: 6/6
  1446 | D:2      | Identified the +5 dagger "Ceoxyizxu" {vorpal, *Corrode
                  | +Blink rF+ Will++}
  1737 | D:2      | Noticed Robin
  1988 | D:2      | Reached skill level 4 in Unarmed Combat
  2134 | D:2      | Reached XP level 4. HP: 26/28 MP: 5/7
  2343 | D:2      | Found Aduot's Assorted Antiques.
  2407 | D:2      | Killed Robin
  2410 | D:2      | Succumbed to a goblin's poison

Illustrated notes

Levels and vault maps discovered:
D:1:      nagdon_arrival_double_spiral, layout_loops_ring, grunt_decor_cap
D:2:      layout_loops_corners, shapermc_ecumenical_altar_mp_urbaneastern,
          serial_shops, nicolae_diamond_shop, uniq_robin

Skill      XL: |  1  2  3 |
---------------+----------+-----
Unarmed Combat | 4 |  4.3
Fighting       | |  1.1
Dodging        | |  2.8
Spellcasting   | |  2.2
Transmutations | |  2.2

Action                   |  1- 3 |  4- 6 || total
-------------------------+-------+-------++-------
Melee: Unarmed           |    69 |    26 ||    95
       Constrict         |    21 |     7 ||    28
       Tentacles         |    11 |     4 ||    15
       Punch             |     1 |       ||     1
       Kick              |     3 |     4 ||     7
 Cast: Beastly Appendage |     2 |     1 ||     3
 Stab: Sleeping          |     2 |       ||     2
       Distracted        |       |     1 ||     1
Armor: Skin              |     3 |     5 ||     8
Dodge: Dodged            |    44 |    14 ||    58
